 Dungeon Crawl Stone Soup version 0.31.0-32-g396128a36d (webtiles) character file.

Game seed: 15792610803410097514

2011 ChadusMaximus the Summoner (level 9, -3/71 HPs)
             Began as a Barachi Summoner on Mar 8, 2024.
             Was an Initiate of Hepliaklqana.
             Slain by an orc warrior
             ... wielding a +0 glaive
              (17 damage)
             ... in a bailey.
             The game lasted 00:08:22 (5789 turns).

ChadusMaximus the Summoner (Barachi Summoner)       Turns: 5789, Time: 00:08:23

Health: -3/71      AC:  4    Str:  9    XL:     9   Next: 22%
Magic:  13/18      EV: 12    Int: 19    God:    Hepliaklqana [......]
Gold:   210        SH:  0    Dex: 14    Spells: 7/20 levels left

rFire   . . .        i - +0 sling
rCold   . . .        (no shield)
rNeg    . . .        a - +0 robe
rPois   +            (no helmet)
rElec   .            r - +0 cloak
rCorr   .            (no gloves)
SInv    .            j - +0 pair of boots
Will    .....        (no amulet)
Stlth   ++           e - ring of poison resistance
HPRegen 0.31/turn    (no ring)
MPRegen 0.16/turn

%: no passive effects
@: unable to hop, slow
A: amphibious, slowness 1, strong legs 1, +LOS
a: Hop, Renounce Religion


You were in a bailey.
You worshipped Hepliaklqana.
Hepliaklqana was noncommittal.
You visited 2 branches of the dungeon, and saw 8 of its levels.
You also visited: Bailey.

You collected 210 gold pieces.

Inventory:

Hand Weapons
 c - a +0 club
 i - a +0 sling (weapon)
Armour
 a - a +0 robe (worn)
 j - a +0 pair of boots (worn)
 r - a +0 cloak (worn)
Jewellery
 e - a ring of poison resistance (left hand)
 u - a ring of see invisible
Wands
 w - a wand of charming (7)
Scrolls
 d - a scroll of fear {unknown}
 l - a scroll of teleportation {unknown}
 m - a scroll of blinking
 n - a scroll of enchant weapon {unknown}
 o - 2 scrolls of identify {unknown}
 p - a scroll of immolation {unknown}
 q - a scroll of torment {unknown}
 s - a scroll of noise {unknown}
 v - a scroll of enchant armour {unknown}
 x - a scroll of silence {unknown}
Potions
 f - 2 potions of might {unknown}
 g - a potion of heal wounds {unknown}
 h - 2 potions of attraction {unknown}
 k - 3 potions of haste {unknown}
 t - a potion of enlightenment {unknown}


   Skills:
 + Level 6.8 Fighting
 - Level 2.2 Dodging
 - Level 1.8 Stealth
 + Level 6.2 Spellcasting
 * Level 11.1 Summonings


You had 7 spell levels left.
You knew the following spells:

 Your Spells              Type           Power      Damage    Failure   Level
a - Summon Small Mammal   Summ           100%       N/A       1%          1
b - Call Canine Familiar  Summ           48%        N/A       1%          3
c - Call Imp              Summ           96%        N/A       1%          2
d - Summon Lightning Spi  Summ/Air       27%        N/A       11%         4
e - Summon Ice Beast      Ice/Summ       27%        N/A       3%          3

Your spell library contained the following spells:

 Spells                   Type           Power      Damage    Failure   Level
 Slow                     Hex            20%        N/A       11%         1
 Summon Blazeheart Golem  Fire/Summ      27%        N/A       11%         4
 Summon Mana Viper        Hex/Summ       27%        N/A       30%         5
 Confusing Touch          Hex            5%         N/A       32%         3
 Sigil of Binding         Hex            5%         N/A       32%         3
 Vampiric Draining        Necr           5%         2d6       32%         3
 Monstrous Menagerie      Summ           24%        N/A       67%         7
 Malign Gateway           Summ/Tloc      13%        N/A       100%        7
 Summon Horrible Things   Summ           24%        N/A       100%        8


Dungeon Overview and Level Annotations

Branches:
Dungeon (7/15)             Temple (1/1) D:6          Bailey (1/1)

Altars:
Cheibriados
Fedhas
Gozag
Hepliaklqana
Kikubaaqudgha
Makhleb
Okawaru
Ru
Sif Muna
Trog
Uskayaw
Vehumet
Yredelemnul
Zin
The Shining One

Shops:
D:5 *

Annotations:
D:7 Maurice Bailey 2 runed translucent doors


Innate Abilities, Weirdness & Mutations

You are amphibious.
You cover ground slowly.
You can hop short distances.
You have an extended range of vision and can be seen from far away.


Message History

A chill wind blows around you.
The orc warrior shouts!
The orc shouts!
The orc closely misses you.
The orc warrior hits you from afar with a +0 halberd.
Magic courses through your body. The orc closely misses you.
The orc warrior barely misses you.
Casting: Summon Ice Beast (dangerous; 3% risk of failure)
Confirm with . or Enter, or press ? or * to list all spells.
An electric hum fills the air.
An orc warrior comes into view. It is wielding a +0 glaive.
The orc hits you from afar with a +0 halberd!
The orc warrior hits you from afar with a +0 halberd!
* * * LOW HITPOINT WARNING * * *
An orc warrior comes into view. It is wielding a +0 halberd.
The orc closely misses you.
Your ice beast hits the orc.
Your ice beast freezes the orc!
The orc dies!
Casting: Summon Lightning Spire (dangerous; 11% risk of failure)
Confirm with . or Enter, or press ? or * to list all spells.
You don't know that spell.
Casting: Summon Lightning Spire (dangerous; 11% risk of failure)
Confirm with . or Enter, or press ? or * to list all spells.
A tiny devil pulls itself out of the air.
The orc warrior hits you from afar with a +0 halberd!
* * * LOW HITPOINT WARNING * * *
Your ice beast hits the orc warrior but does no damage.
Unknown command.
You swap places.
The orc hits your lightning spire but does no damage.
The orc warrior closely misses your ice beast.
Your lightning spire shoots out a bolt of lightning at the orc!
The bolt of electricity hits the orc!
The orc dies!
Your cerulean imp hits the orc warrior but does no damage.
The orc warrior hits your ice beast with a +0 halberd!
Your ice beast hits the orc warrior.
Your ice beast freezes the orc warrior!
The orc warrior dies!
Your cerulean imp closely misses the orc warrior.
The orc warrior hits you from afar with a +0 glaive!
You die...

#..# #++##
#..##....# #..#....
#.o#.e# #.)#. #8.#
# #.o# .#
#Y.########..#
##)5@8....8...##
#.........))...# #
#$.####''####.$#.##
####...§....####..#
..................#
............♣....♣#
≈≈...#....#...♣♣♣♣
≈≈≈≈≈#....#≈≈≈≈≈♣♣#
≈≈≈≈ #....#≈≈≈≈≈≈≈#


You could see 2 orc warriors, a friendly lightning spire (summoned), a friendly
ice beast (summoned) and a friendly cerulean imp (summoned).

Vanquished Creatures
  A necrophage (D:6)
  A human zombie (D:6)
  An orc priest (D:3)
  3 adders
  A dart slug (D:2)
  2 orcs (D:3)
  2 bats
  2 endoplasms
  3 giant cockroaches
  2 hobgoblins (D:3)
  3 kobolds
  2 quokkas (D:2)
  A ball python (D:2)
  7 goblins
  A rat (D:3)
32 creatures vanquished.

Vanquished Creatures (collateral kills)
  Eustachio (D:4)
  Menkaure (D:4)
  A water moccasin (D:6)
  2 ice beasts (D:5)
  2 orc warriors (Bailey)
  A sky beast (D:6)
  A phantom (D:5)
  Blork the orc (D:4)
  A wyvern zombie (D:6)
  2 necrophages (D:6)
  3 scorpions
  2 water moccasin zombies (D:6)
  A howler monkey (D:4)
  2 bombardier beetles
  2 centaur zombies (D:6)
  A jelly (D:6)
  2 bullfrog zombies (D:6)
  3 hounds
  An iguana (D:5)
  A sleepcap (D:6)
  A howler monkey zombie (D:6)
  4 adders
  4 orcs
  A bat (D:1)
  2 endoplasms (D:1)
  7 goblins
  A hobgoblin (D:2)
  A quokka (D:5)
  2 ball pythons
  A frilled lizard (D:1)
55 creatures vanquished.

Grand Total: 87 creatures vanquished

Notes
Turn   | Place    | Note
-------+----------+-------------------------------------------
     0 | D:1      | ChadusMaximus the Barachi Summoner began the quest for the
                  | Orb.
     0 | D:1      | Reached XP level 1. HP: 13/13 MP: 3/3
   144 | D:1      | Reached skill level 5 in Summonings
   175 | D:1      | Reached XP level 2. HP: 20/20 MP: 3/5
   525 | D:2      | Reached skill level 1 in Fighting
   706 | D:2      | Reached XP level 3. HP: 26/26 MP: 6/6
   823 | D:2      | Learned a level 3 spell: Call Canine Familiar
   826 | D:2      | Learned a level 2 spell: Call Imp
  1084 | D:3      | Found a blossoming altar of Fedhas.
  1214 | D:3      | Found a bloodstained altar of Trog.
  1377 | D:3      | Reached skill level 6 in Summonings
  1377 | D:3      | Reached XP level 4. HP: 33/33 MP: 2/8
  1847 | D:4      | Found a shimmering blue altar of Sif Muna.
  1868 | D:4      | Noticed Menkaure
  1883 | D:4      | Killed Menkaure
  1884 | D:4      | Reached XP level 5. HP: 7/40 MP: 1/10
  2042 | D:4      | Reached skill level 7 in Summonings
  2042 | D:4      | Reached XP level 6. HP: 25/47 MP: 4/11
  2152 | D:4      | Noticed Eustachio
  2264 | D:4      | Noticed Blork the orc
  2275 | D:4      | Killed Blork the orc
  2428 | D:4      | Found a radiant altar of Vehumet.
  2452 | D:4      | Killed Eustachio
  2453 | D:4      | Reached skill level 8 in Summonings
  2453 | D:4      | Reached XP level 7. HP: 40/54 MP: 6/13
  2862 | D:4      | Found a burning altar of Makhleb.
  2904 | D:5      | Entered Level 5 of the Dungeon
  3372 | D:5      | Reached skill level 5 in Fighting
  3372 | D:5      | Reached skill level 9 in Summonings
  3372 | D:5      | Reached XP level 8. HP: 35/62 MP: 9/15
  3498 | D:5      | Reached skill level 5 in Spellcasting
  3884 | D:5      | Found Sumpewev's General Store.
  4232 | D:5      | Learned a level 4 spell: Summon Lightning Spire
  4236 | D:5      | Learned a level 3 spell: Summon Ice Beast
  4371 | D:6      | Found a sacrificial altar of Ru.
  4595 | D:6      | Reached skill level 10 in Summonings
  4724 | D:6      | Identified the +10 quarterstaff "Leherroz" {venom, +Blink
                  | rCorr}
  4983 | D:6      | Found a basalt altar of Yredelemnul.
  5030 | D:6      | Reached XP level 9. HP: 51/70 MP: 14/17
  5472 | D:6      | Found an ancient bone altar of Kikubaaqudgha.
  5549 | D:6      | Found a staircase to the Ecumenical Temple.
  5565 | D:6      | Reached skill level 11 in Summonings
  5572 | Temple   | Entered the Ecumenical Temple
  5581 | Temple   | Became a worshipper of Hepliaklqana the Forgotten
  5691 | D:7      | Found a flagged portal.
  5718 | D:7      | Noticed Maurice
  5724 | Bailey   | Entered a bailey
  5782 | Bailey   | Found a large runed translucent door.
  5782 | Bailey   | Found a large runed translucent door.
  5782 | Bailey   | Noticed an orc knight
  5786 | Bailey   | Noticed a deep elf pyromancer
  5789 | Bailey   | Slain by an orc warrior

Illustrated notes

Levels and vault maps discovered:
D:1:      scummos_arrival_hexagon, layout_rooms
D:2:      layout_basic
D:3:      layout_basic, overflow_temple_1_default, mainiacjoe_overflow_paths
D:4:      layout_basic, makhleb_heckhound_becter,
          mainiacjoe_overflow_cross_hatched, mainiacjoe_overflow_catwalk,
          uniq_blork_the_orc, uniq_eustachio, uniq_menkaure
D:5:      layout_cave_pods, serial_shops, shop
D:6:      layout_loops_ring, lemuel_mausoleum_altar_yredelemnul,
          hangedman_ru_absence, nicolae_kikubaaqudgha_miasma_corner,
          minmay_temple_entry_tees, ebering_dispersal_statue_hall
D:7:      minmay_the_grid_triangle_9x9_rhombus_full
          [minmay_the_grid_triangle_9x9_wacky_v,
          minmay_the_grid_triangle_9x9_flanged_cone,
          minmay_the_grid_triangle_9x9_windchime,
          minmay_the_grid_triangle_9x9_subtriangle,
          minmay_the_grid_triangle_9x9_checkered,
          minmay_the_grid_triangle_9x9_zippers_vertical,
          minmay_the_grid_triangle_9x9_negative_grid,
          minmay_the_grid_triangle_9x9_prize_schism], layout_basic,
          elyvilon_altar_3, nemelex_xobeh_ov_fountains_minmay, enter_bailey_5,
          uniq_maurice
Temple:   hellmonk_temple_two_chambers
Bailey:   bailey_polearm_elven_captive_hellmonk, bailey

Skill      XL: |  1  2  3  4  5  6  7  8  9 |
---------------+----------------------------+-----
Summonings     | 5 6 7 8 9 10 11 | 11.1
Fighting       | 1 2 3 4 5 6 |  6.8
Spellcasting   | 3 4 5 6 |  6.2
Dodging        | |  2.2
Stealth        | |  1.8

Action                     |  1- 3 |  4- 6 |  7- 9 || total
---------------------------+-------+-------+-------++-------
  Melee: Unarmed           |     6 |       |       ||     6
         Club              |    17 |       |       ||    17
         Punch             |     1 |       |       ||     1
   Fire: Sling             |   101 |    30 |   103 ||   234
   Cast: Summon Small Mamm |    17 |     8 |    19 ||    44
         Call Imp          |     1 |     9 |    23 ||    33
         Call Canine Famil |       |     8 |    24 ||    32
         Summon Ice Beast  |       |       |     3 ||     3
         Summon Lightning  |       |       |     2 ||     2
Ability: Hop               |     1 |     3 |     2 ||     6
    Use: Potion            |       |       |     2 ||     2
         Scroll            |       |       |     1 ||     1
 Armour: Robe              |    53 |    34 |    89 ||   176
  Dodge: Dodged            |    73 |    22 |    69 ||   164
